 Dungeon Crawl Stone Soup version 0.30.1-9-gdf580d7c3d (webtiles) character file.

Game seed: 6263529897490861630

23370 Ivernyr the Basher (level 13, -2/106 HPs)
             Began as a Formicid Fighter on Oct 9, 2023.
             Was a High Priest of Wu Jian.
             Slain by an eight-headed hydra (7 damage)
             ... on level 3 of the Lair of Beasts.
             The game lasted 00:31:20 (12271 turns).

Ivernyr the Basher (Formicid Fighter)              Turns: 12271, Time: 00:31:20

Health: -2/106     AC: 12    Str: 25    XL:     13   Next: 34%
Magic:  13/13      EV:  9    Int: 12    God:    Wu Jian [*****.]
Gold:   520        SH: 25    Dex: 27    Spells: 12/12 levels left

rFire   + . .        a - +4 mace of Hutavoca {venom, +Blink rElec Int+3 Dex+8}
rCold   . . .        c - +4 tower shield {AC+3}
rNeg    . . .        b - +2 leather armour {Will+}
rPois   .            (helmet unavailable)
rElec   +            (no cloak)
rCorr   .            (no gloves)
SInv    +            t - +1 pair of boots
Will    ++...        C - amulet of the acrobat
Stlth   ++           h - ring of protection from fire
HPRegen 0.37/turn    m - +6 ring of dexterity
MPRegen 0.13/turn

%: acrobat
@: no status effects
A: permanent stasis, dig shafts and tunnels, antennae 3, four strong arms
a: Dig, Shaft Self, Renounce Religion, Wall Jump, Serpent's Lash, Heavenly Storm


You were on level 3 of the Lair of Beasts.
You worshipped Wu Jian.
Wu Jian was extremely pleased with you.
You visited 2 branches of the dungeon, and saw 12 of its levels.
You also visited: Ossuary.

You collected 727 gold pieces.
You spent 207 gold pieces at shops.

Inventory:

Hand Weapons
 a - the +4 mace of Hutavoca (weapon) {venom, +Blink rElec Int+3 Dex+8}
   (You found it on level 2 of the Dungeon)

   Int:       It affects your intelligence (+3).
   Dex:       It affects your dexterity (+8).
   rElec:     It insulates you from electricity.
   +Blink:    It lets you blink.
 y - a +1 mace of holy wrath
Armour
 b - a +2 leather armour of willpower (worn)
 c - a +4 tower shield of protection (worn)
 t - a +1 pair of boots (worn)
Jewellery
 h - a ring of protection from fire (left hand)
 m - a +6 ring of dexterity (right hand)
 C - an amulet of the acrobat (around neck)
 G - a ring of resist corrosion
Wands
 g - a wand of flame (22)
 o - a wand of light (10)
 D - a wand of paralysis (10)
Scrolls
 i - 3 scrolls of enchant weapon
 k - a scroll of vulnerability {unknown}
 l - 3 scrolls of silence
 q - a scroll of immolation {unknown}
 u - 3 scrolls of fear {unknown}
 w - a scroll of torment {unknown}
 x - 3 scrolls of magic mapping
 z - a scroll of summoning {unknown}
 A - a scroll of brand weapon {unknown}
 B - a scroll of amnesia {unknown}
Potions
 d - 3 potions of might
 e - 14 potions of curing
 f - a potion of heal wounds {unknown}
 j - a potion of ambrosia
 n - 3 potions of brilliance
 r - a potion of invisibility {unknown}
 s - 2 potions of mutation {unknown}
 v - 2 potions of flight
 E - a potion of cancellation {unknown}
 F - 3 potions of berserk rage {unknown}


   Skills:
 + Level 11.2 Fighting
 - Level 2.6(9.1) Axes
 * Level 13.5(13.6) Maces & Flails
 + Level 11.1 Armour
 + Level 13.2 Shields


You had 12 spell levels left.
You didn't know any spells.
Your spell library contained the following spells:

 Spells                   Type           Power      Damage    Failure   Level
 Shock                    Conj/Air       0%         1d3       69%         1
 Ensorcelled Hibernation  Hex/Ice        0%         N/A       83%         2
 Passwall                 Tmut/Erth      0%         N/A       83%         2
 Gell's Gravitas          Tloc           0%         N/A       96%         3
 Teleport Other           Tloc           0%         N/A       96%         3
 Airstrike                Air            0%         2d(0-16)  100%        4
 Manifold Assault         Tloc           0%         N/A       100%        4
 Petrify                  Tmut/Erth      0%         N/A       100%        4
 Metabolic Englaciation   Hex/Ice        0%         N/A       100%        5
 Dispersal                Tloc           0%         N/A       100%        6
 Statue Form              Tmut/Erth      0%         N/A       100%        6
 Storm Form               Tmut/Air       0%         N/A       100%        7
 Blink                    Tloc           Unusable   N/A       N/A         2
 Swiftness                Air            Unusable   N/A       N/A         3

Dungeon Overview and Level Annotations

Branches:
Dungeon (8/15)             Temple (0/1) D:5            Lair (4/5) D:8
 Shoals (0/4) Lair:3        Snake (0/4) Lair:2      Ossuary (visited)
  Slime: Lair:4-5

Altars:
Ashenzari
Dithmenos
Elyvilon
Gozag
Kikubaaqudgha
Nemelex Xobeh
Okawaru
Ru
Uskayaw
Wu Jian
Yredelemnul
Zin

Shops:
D:3 ?   D:8 [

Annotations:
D:3 3 runed translucent doors, dvd2's ghost, amateur DsDe
Lair:3 exclusion: oklob plant


Innate Abilities, Weirdness & Mutations

You cannot be hasted, slowed, berserked, paralysed or teleported.
You can dig through walls and to a lower floor.
You have a pair of large antennae on your head. (SInv)
Your four strong arms can wield two-handed weapons with a shield.


Message History

You block the eight-headed hydra's attack.
The eight-headed hydra bites you.
* * * LOW HITPOINT WARNING * * *
You block the eight-headed hydra's attack. x3
The eight-headed hydra bites you.
* * * LOW HITPOINT WARNING * * *
The eight-headed hydra closely misses you.
The eight-headed hydra misses you.
There is a stone staircase leading up here.
You block the eight-headed hydra's attack. x2
The eight-headed hydra bites you!
* * * LOW HITPOINT WARNING * * *
The eight-headed hydra bites you but does no damage. x3
You block the eight-headed hydra's attack.
The eight-headed hydra bites you.
* * * LOW HITPOINT WARNING * * *
The burning bush throws fire at you. You block the puff of flame.
You climb upwards.
Level annotation: exclusion: oklob plant
There is a stone staircase leading down here.
Your muscles tense, ready for explosive movement...
Your supernatural speed expires.
You feel less exhausted.
You spin and attack the eight-headed hydra repeatedly.
You sock the eight-headed hydra!
The eight-headed hydra is poisoned.
The eight-headed hydra is lightly wounded.
You barely miss the eight-headed hydra.
The eight-headed hydra is lightly wounded.
You block the eight-headed hydra's attack. x2
The eight-headed hydra barely misses you.
The eight-headed hydra bites you.
* * * LOW HITPOINT WARNING * * *
The eight-headed hydra bites you!
* * * LOW HITPOINT WARNING * * *
The eight-headed hydra bites you.
* * * LOW HITPOINT WARNING * * *
You block the eight-headed hydra's attack.
The eight-headed hydra bites you!
You die...

##....##
##....##
#.....###
##.....P##
#.......#
###.....###
#........##
######....###
#...D@#.#
##.....####
#........#
##..)....###
###.......#
#########


You could see an eight-headed hydra (very poisoned).

Vanquished Creatures
  Nessos (Lair:3)
  Erica (D:8)
  A wolf spider (Lair:1)
  4 elephants
  2 merfolk sirens (Lair:3)
  A black mamba (Lair:1)
  9 cane toads
  A komodo dragon (Lair:1)
  6 trolls (D:8)
  2 merfolk (Lair:3)
  A hornet (Lair:1)
  2 polar bears (Lair:1)
  9 blink frogs
  2 wyverns
  20 yaks (Lair:1)
  3 basilisks
  2 steam dragons
  2 wargs (D:8)
  Menkaure (D:5)
  4 nagas (Lair:2)
  10 water moccasins
  Duvessa (D:6)
  3 ice beasts
  2 orc warriors
  A black bear (Lair:1)
  2 ogres
  8 centaurs
  11 wolves (Lair:1)
  2 phantoms
  3 elf zombies (D:6)
  A kobold brigand (D:6)
  4 bullfrogs
  3 necrophages (D:5)
  3 scorpions
  2 elf skeletons (D:6)
  8 water moccasin zombies
  2 wights (D:5)
  Dowan (D:6)
  32 killer bees (D:8)
  A bullfrog zombie (D:5)
  2 centaur zombies (D:5)
  5 hounds
  3 human zombies
  A jelly (D:7)
  8 orc priests
  A sleepcap (D:4)
  5 iguanas
  10 orc wizards
  A scorpion zombie (D:5)
  A human skeleton (D:6)
  2 mummies (Ossuary)
  4 gnolls (D:4)
  15 adders
  A shadow imp (D:5)
  A white imp (D:8)
  2 ufetubi
  7 adder zombies (Ossuary)
  3 worms
  3 dart slugs
  55 orcs
  4 ball pythons
  4 bats
  3 endoplasms
  4 giant cockroaches (D:2)
  3 gnoll zombies (Ossuary)
  4 goblins
  6 hobgoblins
  2 jackals (D:1)
  10 kobolds
  3 quokkas
  2 frilled lizards (D:2)
  4 hobgoblin zombies (Ossuary)
  7 kobold zombies (Ossuary)
  3 orc skeletons (D:6)
  2 orc zombies (Ossuary)
  3 rats
368 creatures vanquished.

Notes
Turn   | Place    | Note
-------+----------+-------------------------------------------
     0 | D:1      | Ivernyr the Formicid Fighter began the quest for the Orb.
     0 | D:1      | Reached XP level 1. HP: 18/18 MP: 1/1
   110 | D:1      | Reached XP level 2. HP: 21/24 MP: 2/2
   548 | D:1      | Reached XP level 3. HP: 29/29 MP: 3/3
   816 | D:2      | Identified the +4 mace of Hutavoca {venom, +Blink rElec
                  | Int+3 Dex+8}
  1134 | D:2      | Reached XP level 4. HP: 37/37 MP: 4/4
  1414 | D:2      | Reached skill level 1 in Maces & Flails
  1532 | D:3      | Found a glowing silver altar of Zin.
  1695 | D:3      | Found a white marble altar of Elyvilon.
  1700 | D:3      | Found Mual's Magic Scroll Emporium.
  1853 | D:3      | Found a hide-covered altar of Uskayaw.
  2050 | D:3      | Reached XP level 5. HP: 33/42 MP: 5/5
  2105 | D:3      | Identified the orb "Baydian" {guile, Stlth+}
  2122 | D:3      | Found a runed translucent gate.
  2122 | D:3      | Found a runed translucent gate.
  2122 | D:3      | Found a runed translucent gate.
  2123 | D:3      | Found an opulent altar of Gozag.
  2124 | D:3      | Noticed dvd2's ghost (amateur DsDe)
  2125 | D:3      | Noticed a water moccasin
  2377 | D:4      | Reached skill level 5 in Shields
  2377 | D:4      | Reached XP level 6. HP: 38/48 MP: 6/6
  2661 | D:4      | Reached XP level 7. HP: 46/55 MP: 7/7
  2778 | D:4      | Found a sparkling altar of Nemelex Xobeh.
  2969 | D:4      | Found a shadowy altar of Dithmenos.
  3130 | D:4      | Found an ancient bone altar of Kikubaaqudgha.
  3183 | D:5      | Entered Level 5 of the Dungeon
  3312 | D:5      | Found an ornate altar of the Wu Jian Council.
  3364 | D:5      | Found a sacrificial altar of Ru.
  3367 | D:5      | Found a broken altar of Ashenzari.
  3370 | D:5      | Became a worshipper of the Wu Jian Council
  3402 | D:5      | Reached skill level 5 in Fighting
  3475 | D:5      | Reached skill level 5 in Armour
  3625 | D:5      | Found a basalt altar of Yredelemnul.
  3634 | D:5      | Reached XP level 8. HP: 45/62 MP: 8/8
  3724 | D:5      | Reached skill level 5 in Maces & Flails
  3927 | D:5      | Found a staircase to the Ecumenical Temple.
  4018 | D:5      | Found an opulent altar of Gozag.
  4496 | D:6      | Reached XP level 9. HP: 57/69 MP: 9/9
  4515 | D:6      | Noticed Menkaure
  4522 | D:5      | Reached * piety under Wu Jian
  4571 | D:5      | Killed Menkaure
  4649 | D:6      | HP: 1/71 [ogre/+0 giant club (20)]
  4663 | D:6      | Found an iron altar of Okawaru.
  4947 | D:6      | Noticed Duvessa
  4949 | D:6      | Noticed Dowan
  4957 | D:6      | Killed Duvessa
  4972 | D:6      | Killed Dowan
  5089 | D:6      | Found a sand-covered staircase.
  5094 | Ossuary  | Entered an ossuary
  5110 | Ossuary  | Reached ** piety under Wu Jian
  5205 | Ossuary  | Reached XP level 10. HP: 79/79 MP: 10/10
  5871 | D:7      | Found a runed translucent door.
  5917 | D:7      | Reached *** piety under Wu Jian
  6275 | D:7      | Identified a scroll of acquirement
  6279 | D:7      | Acquired a +0 tower shield of protection
  6545 | D:8      | Noticed Erica
  6570 | D:8      | Killed Erica
  6731 | D:8      | Found Deamm's Antique Armour Emporium.
  6742 | D:8      | Reached skill level 10 in Shields
  6808 | D:8      | Reached XP level 11. HP: 29/87 MP: 11/11
  7051 | D:8      | Bought a dazzling scale mail for 207 gold pieces
  7051 | D:8      | Identified the +0 scale mail "Dox Ykei" {+Inv Int+3 SInv}
                  | (You bought it in a shop on level 8 of the Dungeon)
  7234 | D:8      | Reached **** piety under Wu Jian
  7249 | D:8      | Reached skill level 10 in Maces & Flails
  7524 | D:8      | Found a staircase to the Lair.
  7917 | D:8      | Noticed an elephant
  8246 | D:8      | Killed an elephant
  8572 | Lair:1   | Entered Level 1 of the Lair of Beasts
  9000 | Lair:1   | Reached XP level 12. HP: 67/96 MP: 12/12
  9265 | Lair:1   | Reached skill level 10 in Fighting
  9297 | Lair:1   | Reached skill level 10 in Armour
  9301 | Lair:1   | Reached ***** piety under Wu Jian
  9882 | Lair:1   | You fall into a shaft and drop 1 floor!
 10501 | Lair:2   | Reached XP level 13. HP: 53/104 MP: 13/13
 10987 | Lair:2   | Found a staircase to the Snake Pit.
 11555 | Lair:3   | Found a staircase to the Shoals.
 11738 | Lair:3   | Noticed Nessos
 11759 | Lair:3   | Killed Nessos
 12226 | Lair:4   | Noticed an eight-headed hydra
 12271 | Lair:3   | HP: 5/106 [eight-headed hydra (4)]
 12271 | Lair:3   | Slain by an eight-headed hydra

Illustrated notes

Levels and vault maps discovered:
D:1:      psy_arrival_radial02, layout_basic
D:2:      layout_rooms, minmay_misc_feat_secret_circle
D:3:      kennysheep_big_flooded_room, layout_basic, overflow_temple_1_default,
          lemuel_tele_altar, elyvilon_altar_5, serial_shops, shop,
          ebering_ghost_gozag
D:4:      layout_basic, kennysheep_little_box, mainiacjoe_overflow_alcove_1,
          kiku_gazebo_garden_becter, kennysheep_small_circle
D:5:      layout_rooms, grunt_temple_overflow_open,
          lemuel_mausoleum_altar_yredelemnul, mainiacjoe_overflow_alcove_4,
          minmay_temple_entry_grid, chequers_big_river, minmay_liquid_box,
          serial_bayou_pond_b, chequers_serial_rivers_marsh,
          chequers_hall_statues_wall_a, hangedman_decor_peaks_small
D:6:      layout_rooms, mainiacjoe_overflow_six_doors_small,
          nicolae_ossuary_entry_catacombs, corexii_item_surrounded_by_moat,
          uniq_duvessa, uniq_menkaure
D:7:      layout_rooms, lightli_church_of_beogh
D:8:      wad_woods_minihive, layout_basic, erik_lair_orcish_takeover,
          serial_shops, nicolae_shop_statue_plus, uniq_erica
Lair:1:   minmay_lair_venomous_thicket, layout_chaotic_city,
          cheibrodos_lair_lostbears
Lair:2:   layout_chaotic_city, minmay_snake_entry_guardpost_medium
Lair:3:   layout_hall_layers, elwin_shoals_entry_stream,
          minmay_lair_oklob_bushes, lemuel_fruit_tree, uniq_nessos
Lair:4:   layout_misc_corridors, nicolae_slime_entry_slimehenge,
          nicolae_volcano_entry_hallway, evilmike_ambush
          [evilmike_ambush_outer_pillars, evilmike_ambush_inner_basic],
          serial_bayou_shore_a

Skill      XL: |  1  2  3  4  5  6  7  8  9 10 11 12 13 |
---------------+----------------------------------------+-----
Maces & Flails | 1 2 3 4 6 7 9 11 12 13 | 13.5
Fighting       | 4 5 6 7 8 9 10 11 | 11.2
Armour         | 4 5 6 7 8 9 10 11 | 11.1
Shields        | 5 6 7 8 10 11 12 13 | 13.2
Axes           | |  2.6

Action                     |  1- 3 |  4- 6 |  7- 9 | 10-12 | 13-15 || total
---------------------------+-------+-------+-------+-------+-------++-------
  Melee: War axe           |    54 |       |       |       |       ||    54
         Mace              |    18 |    85 |   300 |   823 |   137 ||  1363
 Invoke: Serpent's Lash    |       |       |       |     1 |     2 ||     3
Ability: Lunge             |       |       |    10 |    35 |    13 ||    58
         Whirlwind         |       |       |    10 |   235 |    13 ||   258
         Dig               |       |       |       |     1 |       ||     1
    Use: Scroll            |       |       |       |    19 |     3 ||    22
         Potion            |       |       |       |     1 |     1 ||     2
   Stab: Sleeping          |       |       |       |     2 |     2 ||     4
         Distracted        |       |       |       |     2 |       ||     2
 Armour: Scale mail        |    41 |    40 |   139 |    32 |       ||   252
         Leather armour    |       |       |       |   129 |    22 ||   151
  Dodge: Dodged            |    32 |    32 |   136 |   197 |    20 ||   417
  Block: Buckler           |    11 |    30 |   100 |    31 |       ||   172
         Tower shield      |       |       |       |   709 |   141 ||   850
